 Dungeon Crawl Stone Soup version 0.20.0-4-g10b340a (webtiles) character file.

627 Manul the Covert (level 7, -1/46 HPs)
             Began as an Octopode Assassin on May 28, 2017.
             Was a Follower of Jiyva.
             Slain by a sky beast (6 damage)
             ... on level 5 of the Dungeon.
             The game lasted 00:09:27 (4918 turns).

Manul the Covert (Octopode Assassin)                Turns: 4918, Time: 00:09:28

Health: -1/46      AC:  1    Str: 15    XL:     7   Next: 48%
Magic:  16/16      EV: 14    Int: 14    God:    Jiyva [*.....]
Gold:   142        SH:  0    Dex: 15    Spells: 4/6 levels left

rFire    . . .     SeeInvis .   t - +2 whip (elec)
rCold    . . .     Gourm    .   (no shield)
rNeg     . . .     Faith    .   (helmet restricted)
rPois    .         Spirit   .   (no amulet)
rElec    .         Reflect  .   v - +1 ring of slaying
rCorr    .         Harm     .   p - ring of magical power
MR       .....                  (no ring)
Stlth    +++.......             (no ring)
Regen    0.2/turn               (no ring)
MPRegen  0.2/turn               (no ring)
                                (no ring)
                                (no ring)

@: confused, mighty, hasted, very quick
A: almost no armour, stealthy swim, amphibious, 8 rings, constrict 8, camouflage
1, gelatinous body 1
a: Request Jelly, Renounce Religion


You were on level 5 of the Dungeon.
You worshipped Jiyva.
Jiyva was aware of your devotion.
You were near starving.

You visited 2 branches of the dungeon, and saw 7 of its levels.
You also visited: Sewer.

You collected 142 gold pieces.

Inventory:

Hand Weapons
 a - a +2 dagger
 b - a +0 blowgun
 n - a +3 dagger of freezing
 t - a +2 whip of electrocution (weapon)
 u - a +2 short sword of venom
Missiles
 c - 8 poisoned needles
 d - 2 curare-tipped needles
Magical Staves
 e - an uncursed staff of earth
Jewellery
 p - a ring of magical power (right tentacle)
 v - a +1 ring of slaying (left tentacle)
Wands
 q - a wand of lightning (7/15)
Scrolls
 g - 2 scrolls of remove curse
 j - a scroll of amnesia {unknown}
 l - 3 scrolls of identify
 o - 2 scrolls of teleportation
 s - a scroll of enchant weapon
Books
 w - a book of Necromancy

   Spells                             Type                      Level
   a - Pain                           Necromancy                   1
   b - Animate Skeleton               Necromancy                   1
   c - Vampiric Draining              Necromancy                   3
   d - Regeneration                   Charms/Necromancy            3
   e - Animate Dead                   Necromancy                   4
   f - Control Undead                 Necromancy                   4
Comestibles
 f - 2 bread rations
 i - 2 fruits
 r - a royal jelly


   Skills:
 + Level 3.0 Fighting
 - Level 4.3 Short Blades
 * Level 0.2 Maces & Flails
 + Level 2.4 Throwing
 + Level 2.2 Dodging
 + Level 9.6 Stealth
 - Level 0.3 Spellcasting
 - Level 0.8 Necromancy


You had 4 spell levels left.
You knew the following spells:

 Your Spells              Type           Power        Failure   Level  Hunger
a - Pain                  Necr           #...         21%         1    ##.....
b - Animate Skeleton      Necr           N/A          21%         1    ##.....


Dungeon Overview and Level Annotations

Branches:
Dungeon (6/15)             Temple (1/1) D:4

Altars:
Ashenzari
Cheibriados
Elyvilon
Fedhas
Hepliaklqana
Makhleb
Nemelex Xobeh
Okawaru
Ru
Sif Muna
Trog
Uskayaw
Vehumet
Yredelemnul
Zin
The Shining One
Jiyva


Innate Abilities, Weirdness & Mutations

You cannot wear most types of armour.
You are very stealthy in the water. (Stealth+)
You are amphibious.
You can wear up to eight rings at the same time.
You can use your tentacles to constrict eight enemies at once.
Your skin changes colour to match your surroundings (Stealth+).
Your rubbery body absorbs attacks. (AC +1, EV +1)


Message History

* * * LOW HITPOINT WARNING * * *
Unknown command.
Okay, then.
Evoke which item? (* to show all) (? for menu, Esc to quit)
Okay, then.
Okay, then.
It was a potion of ambrosia.
You are confused.
You feel invigorated. The bullfrog hits you!
* * * LOW HITPOINT WARNING * * *
The bullfrog closely misses you. The sky beast completely misses you.
The crimson imp closely misses you.
Unknown command.
You feel yourself speed up. The bullfrog hits you.
* * * LOW HITPOINT WARNING * * *
The crimson imp hits you but does no damage.
The sky beast hits you.
* * * LOW HITPOINT WARNING * * *
The sky beast shocks you.
You die...

#....#########...J
#....# #....
#....# #....
#....# #....
#....# ##._.
#....# #...
#....#### #...
#F##....#######...
#@5...............
#Y##....######....
#.#.....# #....
#.#....J# ##.J.
#.#.....# #...
###.#.....# #...
#...J.##### #..J
#..J..# #...
#J....# ##..


You could see a sky beast, a bullfrog, a crimson imp and 2 neutral jellies
(fellow slime).

Vanquished Creatures
  An ogre (D:4)
  A scorpion (D:4)
  A jelly (D:3)
  3 orc priests
  2 centaur skeletons
  An orc wizard (D:3)
  3 worker ants (D:4)
  A hound skeleton (D:4)
  10 adders
  4 oozes
  An adder skeleton (D:4)
  3 worms
  2 dart slugs
  5 leopard geckos
  16 orcs
  4 bats
  4 giant cockroaches
  8 goblins
  4 hobgoblins
  5 ball pythons
  10 frilled lizards
  6 kobolds
  A quokka skeleton (D:4)
  9 rats
105 creatures vanquished.

Vanquished Creatures (others)
  Grinder (D:5)
  3 jellies (D:5)
  2 crimson imps (D:5)
  An iguana (D:5)
  A worker ant (D:5)
  An adder zombie (D:5)
  A leopard gecko (D:5)
  4 orcs (D:5)
14 creatures vanquished.

Grand Total: 119 creatures vanquished

Notes
Turn   | Place    | Note
-------+----------+-------------------------------------------
     0 | D:1      | Manul the Octopode Assassin began the quest for the Orb.
     0 | D:1      | Reached XP level 1. HP: 14/14 MP: 1/1
    82 | D:1      | Reached XP level 2. HP: 19/19 MP: 2/2
   282 | D:1      | Reached skill level 6 in Stealth
   282 | D:1      | Reached XP level 3. HP: 14/24 MP: 3/3
   869 | D:2      | Found a blossoming altar of Fedhas.
  1018 | D:2      | Reached XP level 4. HP: 22/29 MP: 4/4
  1347 | D:2      | Reached skill level 7 in Stealth
  1566 | D:3      | Reached XP level 5. HP: 34/34 MP: 5/5
  1654 | D:3      | Learned a level 1 spell: Pain
  1656 | D:3      | Learned a level 1 spell: Animate Skeleton
  1699 | D:3      | Reached skill level 8 in Stealth
  1992 | D:3      | Found a glowing drain.
  1997 | Sewer    | Entered a sewer
  2001 | Sewer    | Noticed sour's ghost (amateur BaFi)
  2096 | Sewer    | Reached XP level 6. HP: 41/41 MP: 6/6
  3017 | D:4      | Noticed a phantom
  3206 | D:4      | Reached skill level 9 in Stealth
  3540 | D:4      | Found a burning altar of Makhleb.
  3710 | D:4      | Reached XP level 7. HP: 39/45 MP: 7/7
  3860 | D:4      | Found a sparkling altar of Nemelex Xobeh.
  3900 | D:4      | Found a staircase to the Ecumenical Temple.
  3997 | Temple   | Entered the Ecumenical Temple
  4102 | Temple   | Became a worshipper of Jiyva Jorism the Shapeless
  4231 | D:5      | Entered Level 5 of the Dungeon
  4457 | D:5      | Reached * piety under Jiyva
  4583 | D:5      | Killed Grinder
  4615 | D:5      | Found a hazy altar of Hepliaklqana.
  4618 | D:5      | Found a deep blue altar of Sif Muna.
  4918 | D:5      | Slain by a sky beast

Skill      XL: |  1  2  3  4  5  6  7 |
---------------+----------------------+-----
Stealth        | 6 7 8 9 |  9.6
Short Blades   | 3 4 |  4.3
Dodging        | 2 |  2.2
Fighting       | 3 |  3.0
Maces & Flails | |  0.2
Throwing       | |  2.4
Spellcasting   | |  0.3
Necromancy     | |  0.8

Action                   |  1- 3 |  4- 6 |  7- 9 || total
-------------------------+-------+-------+-------++-------
Melee: Dagger            |    49 |   125 |    17 ||   191
       Constrict         |     8 |    22 |     5 ||    35
       Tentacles         |     2 |    19 |     5 ||    26
       Whip              |       |       |    13 ||    13
  Use: Scroll            |       |     9 |       ||     9
       Potion            |       |     3 |     3 ||     6
 Stab: Sleeping          |    17 |    18 |     6 ||    41
       Distracted        |       |     1 |     1 ||     2
  Eat: Chunk             |       |     6 |       ||     6
       Bread ration      |       |     1 |       ||     1
Armor: Skin              |     4 |     1 |     2 ||     7
Dodge: Dodged            |    24 |    57 |    27 ||   108
